 Dungeon Crawl Stone Soup version 0.20.0-10-g0535bb4 (webtiles) character file.

2490 MTVSty1e the Cleaver (level 9, -6/75 HPs)
             Began as a Formicid Fighter on June 3, 2017.
             Was a Priest of Okawaru.
             Mangled by a steam dragon (8 damage)
             ... on level 7 of the Dungeon.
             The game lasted 00:13:16 (6534 turns).

MTVSty1e the Cleaver (Formicid Fighter)             Turns: 6534, Time: 00:13:17

Health: -6/75      AC: 21    Str: 23    XL:     9   Next: 81%
Magic:  7/9        EV:  8    Int:  9    God:    Okawaru [***...]
Gold:   342        SH: 11    Dex: 10    Spells: 8/8 levels left

rFire    . . .     SeeInvis +   a - +0 war axe
rCold    . . .     Gourm    .   c - +0 shield
rNeg     . . .     Faith    .   B - +4 plate armour
rPois    .         Spirit   .   (helmet unavailable)
rElec    .         Reflect  .   m - +0 cloak
rCorr    .         Harm     .   g - +0 pair of gloves
MR       .....                  n - +0 pair of boots
Stlth    ..........             (no amulet)
Regen    0.3/turn               w - ring of stealth
MPRegen  0.2/turn               (no ring)

@: heroism
A: permanent stasis, dig shafts and tunnels, four strong arms, antennae 3
a: Dig, Shaft Self, Heroism, Renounce Religion


You were on level 7 of the Dungeon.
You worshipped Okawaru.
Okawaru was most pleased with you.
You were not hungry.

You visited 1 branch of the dungeon, and saw 7 of its levels.

You collected 342 gold pieces.

Inventory:

Hand Weapons
 a - a +0 war axe (weapon)
 h - a +3 hand axe
 p - a +0 battleaxe
Armour
 b - a +0 scale mail
 c - a +0 shield (worn)
 g - a +0 pair of gloves (worn)
 m - a +0 cloak (worn)
 n - a +0 pair of boots (worn)
 B - a +4 plate armour (worn)
Jewellery
 w - a ring of stealth (left hand)
Scrolls
 d - a scroll of random uselessness
 e - 5 scrolls of identify
 f - a scroll of remove curse
 i - a scroll of amnesia
 o - a scroll of blinking
 q - a scroll of magic mapping
 r - 4 scrolls of enchant armour
Potions
 j - a potion of agility {unknown}
 l - 2 potions of haste
 z - a potion of invisibility
Comestibles
 k - 12 mutagenic chunks of flesh
 u - 2 bread rations


   Skills:
 + Level 8.5(13.5) Fighting
 * Level 10.5(15.5) Axes
 - Level 3.2(8.2) Armour
 - Level 3.6(8.6) Shields


You had 8 spell levels left.
You didn't know any spells.

Dungeon Overview and Level Annotations

Branches:
Dungeon (7/15)             Temple (0/1) D:4

Altars:
Hepliaklqana
Okawaru
Qazlal


Innate Abilities, Weirdness & Mutations

You cannot be hasted, slowed, berserked, paralysed or teleported.
You can dig through walls and to a lower floor.
Your four strong arms can wield two-handed weapons with a shield.
You have a pair of large antennae on your head. (SInv)


Message History

* * * LOW HITPOINT WARNING * * *
You hit the steam dragon but do no damage.
The steam dragon is almost dead.
The steam dragon breathes steam at you. The ball of steam hits you!
* * * LOW HITPOINT WARNING * * *
You closely miss the steam dragon.
The steam dragon is almost dead.
You are engulfed in a cloud of scalding steam.
You hit the steam dragon but do no damage.
The steam dragon is almost dead.
You are engulfed in a cloud of scalding steam.
The steam dragon bites you.
* * * LOW HITPOINT WARNING * * *
The steam dragon claws you.
* * * LOW HITPOINT WARNING * * *
You closely miss the steam dragon.
The steam dragon is almost dead.
The insubstantial wisp blinks!
The steam dragon bites you!
You die...

#...#§≈≈≈≈≈ #...§≈≈..#
#############...≈≈.$# ≈
.......<........≈≈..### .≈
.###########...#≈≈≈.$(#!.≈
#.#...§≈≈.#..≈≈
#.#(...§≈≈≈≈≈≈§
#.##...§§≈≈≈≈§#
#@###{..#......
#§D.§..........
#########.##.#. .# .. # .
{


You could see a steam dragon.

Vanquished Creatures
  The ghost of removed the Spear-Bearer, a novice MfCj of Okawaru (D:5)
  The ghost of SedStubbie the Sneak, an amateur OpMo (D:3)
  An insubstantial wisp (D:7)
  An orc warrior (D:6)
  3 sky beasts
  3 ogres
  A centaur (D:5)
  2 big kobolds (D:6)
  A bullfrog (D:6)
  A water moccasin skeleton (D:6)
  3 wights (D:6)
  A howler monkey (D:4)
  A crimson imp (D:5)
  A quasit (D:6)
  A centaur zombie (D:6)
  3 hounds
  A jelly (D:5)
  5 orc priests
  3 iguanas
  A killer bee zombie (D:5)
  A worker ant zombie (D:5)
  A howler monkey skeleton (D:4)
  13 adders
  4 gnolls (D:4)
  An adder zombie (D:6)
  An adder skeleton (D:4)
  A worm (D:2)
  2 dart slugs (D:2)
  4 leopard geckos
  16 orcs
  5 giant cockroaches
  3 goblins
  7 hobgoblins
  18 kobolds
  2 quokkas
  2 ball pythons (D:3)
  8 bats
  5 frilled lizards
  2 jackal skeletons (D:4)
  A jackal zombie (D:5)
  4 rats
136 creatures vanquished.

Notes
Turn   | Place    | Note
-------+----------+-------------------------------------------
     0 | D:1      | MTVSty1e the Formicid Fighter began the quest for the Orb.
     0 | D:1      | Reached XP level 1. HP: 18/18 MP: 1/1
   363 | D:1      | Reached XP level 2. HP: 24/24 MP: 2/2
   487 | D:1      | Found an iron altar of Okawaru.
   498 | D:1      | Became a worshipper of Warmaster Okawaru
   810 | D:2      | Reached skill level 3 in Axes
   810 | D:2      | Reached XP level 3. HP: 29/30 MP: 3/3
  1076 | D:2      | Reached XP level 4. HP: 36/37 MP: 4/4
  2186 | D:3      | Reached XP level 5. HP: 43/43 MP: 5/5
  2226 | D:3      | Found a hazy altar of Hepliaklqana.
  2242 | D:3      | Noticed SedStubbie's ghost (amateur OpMo)
  2262 | D:3      | Killed SedStubbie's ghost
  2262 | D:3      | Reached * piety under Okawaru
  2262 | D:3      | Reached skill level 5 in Fighting
  2262 | D:3      | Reached skill level 4 in Axes
  2262 | D:3      | Reached XP level 6. HP: 19/51 MP: 6/6
  2846 | D:4      | Reached skill level 5 in Axes
  3245 | D:4      | Noticed an ogre
  3259 | D:4      | Reached XP level 7. HP: 53/56 MP: 7/7
  3273 | D:4      | Reached skill level 6 in Axes
  3274 | D:4      | Reached ** piety under Okawaru
  3759 | D:4      | Found a staircase to the Ecumenical Temple.
  4067 | D:5      | Entered Level 5 of the Dungeon
  4170 | D:5      | Reached skill level 7 in Axes
  4170 | D:5      | Reached XP level 8. HP: 51/64 MP: 8/8
  4318 | D:5      | Noticed removed's ghost (novice MfCj)
  4363 | D:5      | Killed removed's ghost
  4363 | D:5      | Reached skill level 8 in Axes
  4406 | D:5      | HP: 3/65 [poisoned by removed's ghost]
  5265 | D:5      | Found a stormy altar of Qazlal.
  5343 | D:5      | Reached *** piety under Okawaru
  5343 | D:5      | Reached XP level 9. HP: 63/72 MP: 9/9
  5588 | D:6      | Reached skill level 9 in Axes
  5646 | D:6      | Found an iron altar of Okawaru.
  6254 | D:6      | Reached skill level 10 in Axes
  6499 | D:7      | Received a gift from Okawaru
  6532 | D:7      | HP: 2/75 [steam dragon (2)]
  6534 | D:7      | Mangled by a steam dragon

Skill      XL: |  1  2  3  4  5  6  7  8  9 |
---------------+----------------------------+-----
Axes           | 3 4 5 7 8 10 | 10.5
Fighting       | 4 5 6 7 8 |  8.5
Armour         | |  3.2
Shields        | |  3.6

Action                   |  1- 3 |  4- 6 |  7- 9 || total
-------------------------+-------+-------+-------++-------
Melee: War axe           |    68 |    87 |   348 ||   503
       Battleaxe         |       |    78 |       ||    78
Invok: Heroism           |       |       |     6 ||     6
  Use: Potion            |       |     1 |     9 ||    10
       Scroll            |       |       |    11 ||    11
  Eat: Chunk             |       |     2 |     3 ||     5
       Bread ration      |       |     2 |     1 ||     3
       Royal jelly       |       |       |     1 ||     1
Armor: Scale mail        |    34 |    96 |     5 ||   135
       Plate armour      |       |       |   201 ||   201
Dodge: Dodged            |    28 |    75 |    52 ||   155
Block: Shield            |    39 |    96 |   124 ||   259
